 Dungeon Crawl Stone Soup version 0.20.0-15-g7f486f2 (webtiles) character file.

147 glosham the Skirmisher (level 5, -2/46 HPs)
             Began as a Minotaur Conjurer on June 15, 2017.
             Slain by a centaur (4 damage)
             ... on level 4 of the Dungeon.
             The game lasted 00:20:45 (1261 turns).

glosham the Skirmisher (Minotaur Conjurer)          Turns: 1261, Time: 00:20:46

Health: -2/46      AC:  6    Str: 11 (14) XL:     5   Next: 7%
Magic:  6/6        EV: 10    Int: 11 (12) God:
Gold:   88         SH:  0    Dex:  8 (10) Spells: 5/6 levels left

rFire    . . .     SeeInvis .   a - +0 scimitar
rCold    . . .     Gourm    .   (no shield)
rNeg     . . .     Faith    .   X - +0 ring mail
rPois    .         Spirit   .   (helmet restricted)
rElec    .         Reflect  .   (no cloak)
rCorr    .         Harm     .   (no gloves)
MR       .....                  W - +0 pair of boots
Stlth    +.........             (no amulet)
Regen    0.2/turn               (no ring)
MPRegen  0.1/turn               (no ring)

@: berserk cooldown, slowed, very slow
A: retaliatory headbutt, horns 2
a: no special abilities


You were on level 4 of the Dungeon.
You were not hungry.

You visited 1 branch of the dungeon, and saw 4 of its levels.

You collected 88 gold pieces.

Inventory:

Hand Weapons
 a - a +0 scimitar (weapon)
 b - a +0 short sword
Missiles
 c - 36 stones (quivered)
 d - 3 javelins
 e - 24 arrows
 f - 21 bolts
Armour
 W - a +0 pair of boots (worn)
 X - a +0 ring mail (worn)
Wands
 g - a wand of random effects (27/48)
Scrolls
 i - 2 scrolls of remove curse
 n - a scroll of teleportation
Potions
 j - a potion of magic
Books
 r - a book of Conjurations

   Spells                             Type                      Level
   a - Magic Dart                     Conjuration                  1
   b - Searing Ray                    Conjuration                  2
   c - Dazzling Spray                 Conjuration/Hexes            3
   d - Fulminant Prism                Conjuration/Hexes            4
   e - Force Lance                    Conjuration/Translocation    4
   f - Iskenderun's Mystic Blast      Conjuration                  4
Comestibles
 h - 3 fruits
 l - a bread ration
 m - a chunk of flesh


   Skills:
 - Level 4.0 Fighting
 * Level 3.5 Long Blades
 - Level 1.2 Armour
 - Level 2.1 Dodging
 - Level 1.5 Stealth
 - Level 1.3 Spellcasting
 - Level 2.9 Conjurations


You had 5 spell levels left.
You knew the following spells:

 Your Spells              Type           Power        Failure   Level  Hunger
q - Magic Dart            Conj           #...         22%         1    ##.....


Dungeon Overview and Level Annotations

Branches:
Dungeon (4/15)
 Temple: D:4-7

Altars:

Annotations:
D:4 Sigmund


Innate Abilities, Weirdness & Mutations

You reflexively headbutt those who attack you in melee.
You have a pair of horns on your head.


Message History

Aiming: Random Effects (will waste charges)
Press: ? - help, Shift-Dir - straight line, f - Sigmund
Aim: Sigmund, wielding a scythe and wearing a robe The puff of flame hits Sigmund.
Sigmund is moderately wounded.
Evoking this partially-identified wand wasted a few charges.
Sigmund casts a spell at you. The magic dart hits you!
Evoke which item? (* to show all) (? for menu, Esc to quit)
Aiming: Random Effects (will waste charges)
Press: ? - help, Shift-Dir - straight line, f/p - Sigmund
Aim: Sigmund, wielding a scythe and wearing a robe (moderately wounded) Sigmund suddenly stops moving!
Evoking this partially-identified wand wasted a few charges.
A centaur comes into view.
The centaur shouts!
The centaur wields a shortbow.
The centaur shoots an arrow.
The arrow hits you!
Really quaff
k - a potion of berserk rage {!q}?
A red film seems to cover your vision as you go berserk!
You feel yourself moving faster!
You feel mighty!
The centaur shoots an arrow.
The arrow hits you!
You feel a strong urge to attack something.
A phantom comes into view.
You feel your anger subside.
You are no longer berserk.
You are exhausted.
You feel yourself slow down.
The centaur unwields an uncursed shortbow.
The centaur barely misses you.
You riposte.
You closely miss the centaur. The phantom barely misses you.
You riposte.
You closely miss the phantom. You slash the centaur!
The centaur is moderately wounded.
The centaur hits you. The phantom hits you.
* * * LOW HITPOINT WARNING * * *
The phantom blinks!
The centaur hits you.
* * * LOW HITPOINT WARNING * * *
It was a potion of degeneration.
There was something very wrong with that liquid.
You feel weakened.
You feel dopey.
You feel clumsy. The centaur hits you.
You die...

#...............#
#...............#
................#
..........########
.............$....
....#####.(.......
.... ##.........
... #..W....... ..
#@.........
#.c........
......@.)..
............
.............
.............
.............
..............


You could see a phantom, Sigmund (paralysed) and a centaur.

Vanquished Creatures
  A hound (D:4)
  Jessica (D:3)
  An adder (D:2)
  3 gnolls (D:4)
  An ooze (D:1)
  3 dart slugs
  5 bats
  4 giant cockroaches
  6 goblins
  7 hobgoblins (D:1)
  4 jackals (D:1)
  A quokka (D:3)
  A frilled lizard (D:1)
  3 kobolds
  A rat (D:1)
42 creatures vanquished.

Notes
Turn   | Place    | Note
-------+----------+-------------------------------------------
     0 | D:1      | glosham the Minotaur Conjurer began the quest for the Orb.
     0 | D:1      | Reached XP level 1. HP: 14/14 MP: 1/1
    54 | D:1      | Reached skill level 1 in Fighting
   152 | D:1      | Reached skill level 2 in Fighting
   225 | D:1      | Reached XP level 2. HP: 24/24 MP: 0/3
   439 | D:2      | Reached skill level 3 in Fighting
   439 | D:2      | Reached skill level 1 in Armour
   439 | D:2      | Reached XP level 3. HP: 31/31 MP: 0/4
   494 | D:3      | Noticed Jessica
   505 | D:3      | HP: 3/31 [Jessica/dagger (2)]
   508 | D:3      | Killed Jessica
   508 | D:3      | Reached skill level 4 in Fighting
   603 | D:1      | Reached XP level 4. HP: 14/40 MP: 0/5
   670 | D:1      | Reached skill level 1 in Long Blades
  1136 | D:4      | Reached skill level 2 in Long Blades
  1217 | D:4      | Reached skill level 3 in Long Blades
  1221 | D:4      | Reached XP level 5. HP: 37/46 MP: 6/6
  1252 | D:4      | Noticed Sigmund
  1255 | D:4      | Noticed a centaur
  1258 | D:4      | Noticed a phantom
  1260 | D:4      | HP: 2/46 [centaur (6)]
  1261 | D:4      | Slain by a centaur

Skill      XL: |  1  2  3  4 |
---------------+-------------+-----
Fighting       | 2 3 4 |  4.0
Armour         | 1 |  1.2
Long Blades    | 3 |  3.5
Dodging        | |  2.1
Stealth        | |  1.5
Spellcasting   | |  1.3
Conjurations   | |  2.9

Action                   |  1- 3 |  4- 6 || total
-------------------------+-------+-------++-------
Melee: Short sword       |    42 |       ||    42
       Club              |     6 |       ||     6
       Headbutt          |     7 |     3 ||    10
       Unarmed           |     3 |       ||     3
       Scimitar          |     6 |    34 ||    40
 Cast: Magic Dart        |    25 |    12 ||    37
Evoke: Wand              |       |     2 ||     2
  Use: Scroll            |     5 |     2 ||     7
       Potion            |       |     2 ||     2
 Stab: Sleeping          |     1 |       ||     1
  Eat: Chunk             |       |     3 ||     3
Armor: Robe              |     6 |       ||     6
       Ring mail         |    10 |    12 ||    22
Dodge: Dodged            |    28 |    19 ||    47
       Rpst.: Scimitar   |     2 |     3 ||     5

Table legend:
 A = Turns spent in this place as a percentage of turns spent in the entire game.
 B = Non-inter-level travel turns spent in this place as a percentage of non-inter-level travel turns spent in the entire game.
 C = Inter-level travel turns spent in this place as a percentage of turns spent in this place.
 D = Turns resting spent in this place as a percentage of non-inter-level travel turns spent in this place.
 E = Turns spent auto-exploring this place as a percentage of non-inter-level travel turns spent in this place.
 F = Non-inter-level travel turns spent in this place divided by the number of levels of this place that you've seen.
                   A       B       C       D       E      F
               +-------+-------+-------+-------+-------+----------------------
         Total | 100.0 | 100.0 |   0.6 |   0.5 |   0.0 | 213.0
       Dungeon | 100.0 | 100.0 |   0.6 |   0.5 |   0.0 | 213.0
               +-------+-------+-------+-------+-------+----------------------

Table legend:
 A = Kills in this place as a percentage of kills in entire the game.
 B = Kills by you in this place as a percentage of kills by you in the entire game.
 C = Kills by friends in this place as a percentage of kills by friends in the entire game.
 D = Other kills in this place as a percentage of other kills in the entire game.
 E = Experience gained in this place as a percentage of experience gained in the entire game.
 F = Experience gained in this place divided by the number of levels of this place that you have seen.
                   A       B       C       D       E      F
               +-------+-------+-------+-------+-------+----------------------
         Total | 100.0 | 100.0 |  -nan |  -nan | 100.0 |  52.5
       Dungeon | 100.0 | 100.0 |  -nan |  -nan | 100.0 |  52.5
               +-------+-------+-------+-------+-------+----------------------

Vault maps used:
D:1:      saegor_arrival_simple_c, st_stairs_13
D:2:      grunt_qazlal_clouds, first_bread, okawaru_altar_gauntlet_db,
          uniq_terence
D:3:      uniq_jessica
D:4:      kennysheep_kobold_camp, minmay_temple_entry_junction_2,
          dk_rats_in_the_wall, uniq_natasha, uniq_sigmund
